 Dungeon Crawl Stone Soup version 0.26.1-11-gd32895ea62 (webtiles) character file.

Game seed: 11435379571462629552

22 Almogavar the Grasshopper (level 2, -1/20 HPs)
             Began as a Gnoll Wanderer on Apr 13, 2021.
             Slain by Terence
             ... wielding a +0 short sword
              (4 damage)
             ... on level 2 of the Dungeon.
             The game lasted 00:04:10 (1314 turns).

Almogavar the Grasshopper (Gnoll Wanderer)          Turns: 1314, Time: 00:04:11

Health: -1/20      AC:  3    Str: 13    XL:     2   Next: 91%
Magic:  5/5        EV: 11    Int: 15    God:
Gold:   72         SH:  0    Dex: 14    Spells: 5/6 levels left

rFire    . . .     SeeInvis .   a - +0 dagger
rCold    . . .     Faith    .   (no shield)
rNeg     . . .     Spirit   .   d - +0 robe
rPois    .         Reflect  .   j - +0 helmet
rElec    .         Harm     .   (no cloak)
rCorr    .         Rampage  .   (no gloves)
Will     .....                  (no boots)
Stlth    +.........             (no amulet)
HPRegen  0.06/turn              (no ring)
MPRegen  0.09/turn              (no ring)

@: no status effects
A: distributed training, fangs 1, strong nose
a: no special abilities


You were on level 2 of the Dungeon.
You visited 1 branch of the dungeon, and saw 2 of its levels.

You collected 72 gold pieces.

Inventory:

Hand Weapons
 a - a +0 dagger (weapon)
Armour
 d - a +0 robe (worn)
 j - a +0 helmet (worn)
Scrolls
 b - a scroll of identify {unknown}
 c - a scroll of immolation {unknown}
 h - a scroll of fog {unknown}
Potions
 f - a potion of degeneration {unknown}
 g - a potion of attraction {unknown}
 i - a potion of berserk rage {unknown}


   Skills:
 + Level 0.5 Fighting
 + Level 0.5 Short Blades
 + Level 0.5 Long Blades
 + Level 0.5 Axes
 + Level 0.5 Maces & Flails
 + Level 0.5 Polearms
 + Level 0.5 Staves
 + Level 0.5 Slings
 + Level 0.5 Bows
 + Level 0.5 Crossbows
 + Level 2.5 Throwing
 + Level 0.5 Armour
 + Level 0.5 Dodging
 + Level 0.5 Stealth
 + Level 2.5 Shields
 + Level 0.5 Unarmed Combat
 + Level 2.7 Spellcasting
 + Level 3.7 Conjurations
 + Level 0.4 Hexes
 + Level 0.4 Summonings
 + Level 0.4 Necromancy
 + Level 7.0 Translocations
 + Level 0.4 Transmutations
 + Level 0.4 Fire Magic
 + Level 0.4 Ice Magic
 + Level 0.4 Air Magic
 + Level 2.0 Earth Magic
 + Level 0.4 Poison Magic
 + Level 0.7 Invocations
 + Level 0.5 Evocations


You had 5 spell levels left.
You knew the following spells:

 Your Spells              Type           Power        Failure   Level
a - Magic Dart            Conj           52%          4%          1

Your spell library contained the following spells:

 Spells                   Type           Power        Failure   Level
 Apportation              Tloc           46%          1%          1
 Blink                    Tloc           N/A          1%          2
 Teleport Other           Tloc           23%          3%          3
 Freeze                   Ice            12%          17%         1
 Call Imp                 Summ           3%           26%         2
 Slow                     Hex            3%           26%         2
 Conjure Flame            Conj/Fire      8%           26%         3
 Mephitic Cloud           Conj/Pois/Air  6%           32%         3
 Frozen Ramparts          Ice            6%           45%         3


Dungeon Overview and Level Annotations

Branches:
Dungeon (2/15)

Altars:

Annotations:
D:2 Terence


Innate Abilities, Weirdness & Mutations

Your experience applies equally to all skills.
You have very sharp teeth.
Your uncanny sense of smell can sniff out nearby items.


Message History

Aiming: Magic Dart (safe; 4% risk of failure)
Press: ? - help, Shift-Dir - straight line, f/p - Terence
Aim: Terence, wielding a +0 short sword and wearing a +3 scale mail (heavily wounded, 0% to evade)
The magic dart hits Terence but does no damage.
Terence is heavily wounded.
Terence closely misses you.
You hit Terence. Your bite misses Terence.
Terence is heavily wounded.
Terence hits you with a +0 short sword.
* * * LOW HITPOINT WARNING * * *
You hit Terence.
Terence is severely wounded.
Terence hits you but does no damage.
You hit Terence but do no damage.
Terence is severely wounded.
Terence hits you with a +0 short sword.
* * * LOW HITPOINT WARNING * * *
It was a potion of magic.
Magic courses through your body. Terence hits you with a +0 short sword.
You die... #. #. #. #. #. #. #@######## #.@.....<# ##########

You could see Terence.

Vanquished Creatures
  An ooze (D:2)
  A giant cockroach (D:1)
  2 hobgoblins
  3 jackals (D:1)
  5 bats
  3 goblins (D:1)
  A kobold (D:1)
16 creatures vanquished.

Notes
Turn   | Place    | Note
-------+----------+-------------------------------------------
     0 | D:1      | Almogavar the Gnoll Wanderer began the quest for the Orb.
     0 | D:1      | Almogavar set off with the following items: a +0 dagger, a
                  | +0 robe; and the following spells available to memorise:
                  | Apportation, Blink, Teleport Other, Magic Dart, Freeze,
                  | Conjure Flame, Call Imp, Slow, Mephitic Cloud, Frozen
                  | Ramparts
     0 | D:1      | Reached XP level 1. HP: 13/13 MP: 4/4
     2 | D:1      | Learned a level 1 spell: Magic Dart
   437 | D:1      | Reached XP level 2. HP: 19/19 MP: 3/5
  1296 | D:2      | Noticed Terence
  1314 | D:2      | Slain by Terence

Illustrated notes

Levels and vault maps discovered:
D:1:      tarquinn_simple_flora_water_f, layout_basic,
          minmay_misc_feat_nine_boxes, minmay_misc_feat_hallway
D:2:      layout_basic, kennysheep_slug_shrine, uniq_sigmund, uniq_terence

Skill      XL: |  1 |
---------------+----+-----
Earth Magic    | 2 |  2.0
Fighting       | |  0.5
Short Blades   | |  0.5
Long Blades    | |  0.5
Axes           | |  0.5
Maces & Flails | |  0.5
Polearms       | |  0.5
Staves         | |  0.5
Slings         | |  0.5
Bows           | |  0.5
Crossbows      | |  0.5
Throwing       | |  2.5
Armour         | |  0.5
Dodging        | |  0.5
Stealth        | |  0.5
Shields        | |  2.5
Unarmed Combat | |  0.5
Spellcasting   | |  2.7
Conjurations   | |  3.7
Hexes          | |  0.4
Summonings     | |  0.4
Necromancy     | |  0.4
Translocations | |  7.0
Transmutations | |  0.4
Fire Magic     | |  0.4
Ice Magic      | |  0.4
Air Magic      | |  0.4
Poison Magic   | |  0.4
Invocations    | |  0.7
Evocations     | |  0.5

Action                   || total
-------------------------++-------
Melee: Dagger            ||    41
       Bite              ||     4
 Cast: Magic Dart        ||    45
  Use: Potion            ||     1
Armor: Robe              ||    10
Dodge: Dodged            ||    35
